 Dungeon Sprint DCSS version 0.22.2-1-ge965b3a (webtiles) character file.

13400000 Fang the Conqueror (level 27, -43/323 HPs)
             Began as a Demonspawn Gladiator on June 3, 2019.
             Was the Champion of Makhleb.
             Annihilated by a fleshlord
             ... wielding a +9 great mace
              (189 damage)
             ... in the Dungeon (Sprint VIII: "Arena of Blood").
             The game lasted 00:01:33 (134 turns).

Fang the Conqueror (Demonspawn Gladiator)            Turns: 134, Time: 00:01:34

Health: -43/323    AC:  6    Str: 23    XL:     27
Magic:  47/54      EV: 33    Int: 12    God:    Makhleb [******]
Gold:   0          SH:  0    Dex: 17    Spells: 80/80 levels left

rFire    . . .     SeeInvis .   l - +โˆž Axe of Woe
rCold    + . .     Gourm    .   (shield currently unavailable)
rNeg     . . .     Faith    .   b - +0 leather armour
rPois    .         Spirit   .   (helmet unavailable)
rElec    .         Reflect  .   (no cloak)
rCorr    .         Harm     .   (no gloves)
MR       ++...     NoTele   +   (no boots)
Stlth    ++++++++++             (no amulet)
HPRegen  0.63/turn              (no ring)
MPRegen  0.34/turn              (no ring)

@: lethally poisoned (-43 -> -109), slowed, very slow
A: horns 3, cold resistance 1, icemail, nightstalker 3, robust 3, freezing cloud
immunity, sturdy frame 3
a: Minor Destruction, Lesser Servant of Makhleb, Major Destruction, Greater
Servant of Makhleb, Renounce Religion


You were in the Dungeon.
You worshipped Makhleb.
Makhleb was exalted by your worship.
You were not hungry.

You visited 1 branch

Inventory:

Hand Weapons
 a - a +0 war axe
 l - the +โˆž Axe of Woe (weapon)
   (You found it in the Dungeon)
Missiles
 d - 3 throwing nets (quivered)
Armour
 b - a +0 leather armour (worn)
 c - a +0 helmet
Scrolls
 k - a scroll of blinking
Potions
 e - a potion of curing
 g - a potion of heal wounds
 h - a potion of haste
 i - 2 potions of magic
 j - a potion of berserk rage
Comestibles
 f - a ration
 m - 2 chunks of flesh


   Skills:
 O Level 27 Fighting
 O Level 27 Axes
 O Level 27 Throwing
 O Level 27 Armour
 O Level 27 Dodging
 O Level 27 Stealth
 O Level 27 Unarmed Combat
 O Level 27 Spellcasting
 O Level 27 Invocations


You had 80 spell levels left.
You didn't know any spells.
Your spell library was empty.

Dungeon Overview and Level Annotations

Branches:
Dungeon (1/1)

Altars:
Makhleb


Innate Abilities, Weirdness & Mutations

You have a pair of large horns on your head.
Your flesh is cold resistant. (rC+)
A meltable icy envelope protects you from harm. (AC +0)
You are completely attuned to the shadows.
You are extremely robust. (+30% HP)
You are immune to freezing clouds.
Your movements are significantly less encumbered by armour. (ER -6)


Message History

Makhleb accepts your kill.
You slice the bag of meat!!
You fatally mangle the bag of meat.
You kill the bag of meat!
Makhleb accepts your kill.
You feel extremely sick.
You hear a shout! x4
The accursed points at you and mumbles some strange words.
Something smites you!
You hear a shout! x3
The tyrant gestures wildly while chanting.
You hear a shout! x4; You hear an angry squeal.
You hear a roar!
A dread comes into view.
You feel extremely sick.
You hear a shout! x8
The eight-headed meat hydra calls on the powers of darkness!
The eight-headed meat hydra convulses!
Your body is wracked with pain!
You hear a shout!
The fleshlord hits you with a +9 great mace!!!!!
Ouch! That really hurt!
You die...

#....X##. .DX......
.MX.L...# ....).....
..........
...)@.....
....pW)... ..
.o.....).).....
....W.#..)....#
#.....#)).....# .
...o###ยง)).p..###..
...))))).###......
.#..)))..._)......
.....))#..)..#..


You could see an accursed, a tyrant, an eight-headed meat hydra, a fleshlord, 2
large abominations and 2 dreads.

Vanquished Creatures
  A hell knight (D)
  Sigmund (D)
  6 hell beasts (D)
  Edmund (D)
  2 greater mummies (D)
  3 great orbs of eyes (D)
  A wraith (D)
  11 vampire knights (D)
  22 ogres (D)
  7 two-headed ogres (D)
  3 liches (D)
  3 hydras (D)
  54 orcs (D)
  2 phantoms (D)
  2 skeletal warriors (D)
  9 sea snakes (D)
  A large abomination (D)
  2 small abominations (D)
  4 crawling corpses (D)
135 creatures vanquished.

Vanquished Creatures (others)
  2 crawling corpses (D)
2 creatures vanquished.

Grand Total: 137 creatures vanquished

Notes
Turn   | Place    | Note
-------+----------+-------------------------------------------
     0 | D        | Found the +โˆž Axe of Woe
     0 | D        | Fang the Demonspawn Gladiator began the quest for the Orb.
     0 | D        | Reached XP level 1. HP: 16/16 MP: 1/1
     2 | D        | Noticed a bag of meat
     4 | D        | Became a worshipper of Makhleb the Destroyer
     5 | D        | Noticed a bag of meat
     5 | D        | Noticed a bag of meat
     6 | D        | Noticed a bag of meat
     6 | D        | Noticed a bag of meat
     7 | D        | Noticed a bag of meat
    10 | D        | Noticed a meat berserker
    10 | D        | Noticed a meat berserker
    11 | D        | Killed a bag of meat
    11 | D        | Gained mutation: You are slightly more attuned to the
                  | shadows. [demonic ancestry]
    11 | D        | Reached XP level 2. HP: 43/43 MP: 2/2
    11 | D        | Gained mutation: Your movements are slightly less
                  | encumbered by armour. (ER -2) [demonic ancestry]
    11 | D        | Reached XP level 3. HP: 49/49 MP: 3/3
    11 | D        | Gained mutation: You have a pair of small horns on your
                  | head. [demonic ancestry]
    11 | D        | Reached XP level 4. HP: 56/56 MP: 4/4
    11 | D        | Gained mutation: Your flesh is cold resistant. (rC+)
                  | [demonic ancestry]
    11 | D        | Reached XP level 5. HP: 62/62 MP: 5/5
    11 | D        | Gained mutation: You have a pair of horns on your head.
                  | [demonic ancestry]
    11 | D        | Reached XP level 6. HP: 69/69 MP: 6/6
    11 | D        | Reached XP level 7. HP: 75/75 MP: 7/7
    11 | D        | Reached XP level 8. HP: 82/82 MP: 8/8
    11 | D        | Gained mutation: You are significantly more attuned to the
                  | shadows. [demonic ancestry]
    11 | D        | Reached XP level 9. HP: 88/88 MP: 9/9
    11 | D        | Gained mutation: You are robust. (+10% HP) [demonic
                  | ancestry]
    11 | D        | Reached XP level 10. HP: 88/104 MP: 10/10
    11 | D        | Reached XP level 11. HP: 93/111 MP: 11/11
    12 | D        | Killed a bag of meat
    12 | D        | Reached * piety under Makhleb
    12 | D        | Reached skill level 15 in Axes
    12 | D        | Reached skill level 15 in Throwing
    12 | D        | Reached skill level 15 in Dodging
    12 | D        | Reached XP level 12. HP: 60/124 MP: 12/12
    12 | D        | Killed a bag of meat
    12 | D        | Gained mutation: Your movements are less encumbered by
                  | armour. (ER -4) [demonic ancestry]
    12 | D        | Reached XP level 13. HP: 65/134 MP: 13/13
    12 | D        | Killed a meat berserker
    12 | D        | Reached XP level 14. HP: 73/149 MP: 14/14
    13 | D        | Killed a bag of meat
    13 | D        | Reached ** piety under Makhleb
    13 | D        | Reached XP level 15. HP: 77/158 MP: 15/15
    14 | D        | Killed a meat berserker
    15 | D        | Reached XP level 16. HP: 148/172 MP: 16/16
    17 | D        | Reached *** piety under Makhleb
    20 | D        | Noticed a meat berserker
    22 | D        | Killed a meat berserker
    22 | D        | Gained mutation: You are immune to freezing clouds.
                  | [demonic ancestry]
    22 | D        | Reached XP level 17. HP: 188/188 MP: 17/17
    22 | D        | Reached **** piety under Makhleb
    24 | D        | Reached skill level 27 in Fighting
    25 | D        | Noticed a large bag of meat
    26 | D        | Noticed a meat berserker
    26 | D        | Gained mutation: You are completely attuned to the shadows.
                  | [demonic ancestry]
    26 | D        | Reached XP level 18. HP: 200/200 MP: 18/18
    27 | D        | Killed a large bag of meat
    27 | D        | Reached skill level 27 in Axes
    27 | D        | Reached skill level 27 in Throwing
    27 | D        | Reached skill level 27 in Dodging
    27 | D        | Reached skill level 5 in Armour
    27 | D        | Reached skill level 5 in Unarmed Combat
    27 | D        | Reached skill level 5 in Spellcasting
    28 | D        | Noticed a meat berserker
    29 | D        | Killed a meat berserker
    29 | D        | Reached ***** piety under Makhleb
    29 | D        | Reached skill level 10 in Armour
    29 | D        | Reached skill level 10 in Unarmed Combat
    29 | D        | Reached skill level 10 in Spellcasting
    29 | D        | Reached XP level 19. HP: 207/207 MP: 18/33
    30 | D        | Noticed a large bag of meat
    31 | D        | Reached skill level 15 in Stealth
    31 | D        | Killed a meat berserker
    31 | D        | Noticed a meat berserker
    33 | D        | Reached XP level 20. HP: 200/216 MP: 19/41
    34 | D        | Killed a large bag of meat
    34 | D        | Killed a meat berserker
    34 | D        | Noticed a large bag of meat
    34 | D        | Noticed a destroyer
    34 | D        | Noticed a destroyer
    35 | D        | Noticed a meat berserker
    35 | D        | Noticed a large bag of meat
    36 | D        | Noticed a meat berserker
    36 | D        | Reached ****** piety under Makhleb
    36 | D        | Reached skill level 27 in Invocations
    36 | D        | Reached XP level 21. HP: 224/224 MP: 19/46
    36 | D        | Noticed a destroyer
    37 | D        | Killed a destroyer
    38 | D        | Gained mutation: You have a pair of large horns on your
                  | head. [demonic ancestry]
    38 | D        | Reached XP level 22. HP: 233/233 MP: 20/50
    38 | D        | Reached skill level 27 in Stealth
    39 | D        | Killed a large bag of meat
    39 | D        | Reached skill level 27 in Armour
    39 | D        | Reached skill level 27 in Unarmed Combat
    39 | D        | Reached skill level 27 in Spellcasting
    39 | D        | Killed a destroyer
    39 | D        | Gained mutation: You are very robust. (+20% HP) [demonic
                  | ancestry]
    39 | D        | Reached XP level 23. HP: 233/262 MP: 20/54
    40 | D        | Killed a destroyer
    40 | D        | Killed a large bag of meat
    41 | D        | Reached XP level 24. HP: 272/272 MP: 20/54
    47 | D        | Gained mutation: You are extremely robust. (+30% HP)
                  | [demonic ancestry]
    47 | D        | Reached XP level 25. HP: 272/304 MP: 22/54
    48 | D        | Noticed a destroyer
    48 | D        | Noticed a tyrant
    49 | D        | Noticed a destroyer
    50 | D        | Noticed a large bag of meat
    51 | D        | Killed a tyrant
    52 | D        | Killed a destroyer
    52 | D        | Noticed a destroyer
    53 | D        | Noticed a destroyer
    54 | D        | Killed a destroyer
    54 | D        | Gained mutation: Your movements are significantly less
                  | encumbered by armour. (ER -6) [demonic ancestry]
    54 | D        | Reached XP level 26. HP: 314/314 MP: 24/54
    55 | D        | Noticed a destroyer
    58 | D        | Noticed a destroyer
    59 | D        | Killed a destroyer
    59 | D        | Gained mutation: A meltable icy envelope protects you from
                  | harm. (AC +0) [demonic ancestry]
    59 | D        | Reached XP level 27. HP: 323/323 MP: 25/54
    62 | D        | Killed a destroyer
    62 | D        | Killed a large bag of meat
    64 | D        | Killed a destroyer
    67 | D        | Killed a destroyer
    67 | D        | Noticed a tyrant
    72 | D        | Noticed a meat beast
    74 | D        | Killed a meat beast
    76 | D        | Killed a tyrant
    83 | D        | Noticed The Captor
    85 | D        | Noticed a destroyer
    86 | D        | Noticed a large bag of meat
    87 | D        | Killed a destroyer
    88 | D        | Noticed a meat beast
    89 | D        | Killed The Captor
    91 | D        | Killed a meat beast
    92 | D        | Noticed a large bag of meat
    93 | D        | Killed a large bag of meat
    94 | D        | Noticed an accursed
    95 | D        | Noticed a meat beast
    96 | D        | Noticed a destroyer
    96 | D        | Noticed an accursed
    97 | D        | Killed a meat beast
    98 | D        | Killed an accursed
    98 | D        | Killed a large bag of meat
    99 | D        | Noticed The Defiler
   100 | D        | Killed an accursed
   100 | D        | Noticed a tyrant
   105 | D        | Killed a tyrant
   105 | D        | Killed a destroyer
   105 | D        | Killed The Defiler
   112 | D        | Noticed a dread
   113 | D        | Noticed a meat beast
   114 | D        | Noticed a dread
   115 | D        | Noticed a meat beast
   117 | D        | Killed a meat beast
   119 | D        | Killed a meat beast
   126 | D        | Killed a dread
   127 | D        | Noticed a fleshlord
   128 | D        | Noticed a meat beast
   128 | D        | Noticed a fleshlord
   128 | D        | Noticed a fleshlord
   129 | D        | Noticed an accursed
   130 | D        | Killed a meat beast
   130 | D        | Noticed a tyrant
   132 | D        | Killed a fleshlord
   134 | D        | Noticed a dread
   134 | D        | Annihilated by a fleshlord

Skill      XL: |  1  2  3  4  5  6  7  8  9 10 11 12 13 14 15 16 17 18 19 20 21 22 |
---------------+-------------------------------------------------------------------+-----
Fighting       | 14 16 18 20 21 23 26 27 | 27.0
Axes           | 13 15 17 19 22 24 26 27 | 27.0
Throwing       | 13 15 16 18 19 21 24 26 27 | 27.0
Dodging        | 13 15 17 19 22 24 26 27 | 27.0
Armour         | 10 17 21 24 27 | 27.0
Stealth        | 11 18 22 26 27 | 27.0
Unarmed Combat | 10 17 21 24 27 | 27.0
Spellcasting   | 10 17 21 24 27 | 27.0
Invocations    | 14 22 27 | 27.0

Action                   |  1- 3 |  4- 6 |  7- 9 | 10-12 | 13-15 | 16-18 | 19-21 | 22-24 | 25-27 || total
-------------------------+-------+-------+-------+-------+-------+-------+-------+-------+-------++-------
Melee: Executioner's axe |     1 |       |       |     1 |     3 |     7 |     7 |     8 |    49 ||    76
 Stab: Distracted        |       |       |       |       |       |       |       |       |     1 ||     1
Armor: Leather armour    |       |       |       |       |       |       |       |       |     1 ||     1
Dodge: Dodged            |       |       |       |       |       |       |     1 |       |    15 ||    16
